Workbook

Sheet 1. Antiguedad
A1: Antigüedad continuada en el escaño. Concejales en activo del Ayuntamiento de Madrid
A2: Cómputo a 20 de agosto de 2026. Fuente: relaciones oficiales de concejales de las corporaciones 2011-2015, 2015-2019, 2019-2023 y 2023-2027 (Ayuntamiento de Madrid). El paréntesis entre el cese de una corporación y la sesión constitutiva de la siguiente no se computa como interrupción.
A6: Nº | B6: Nombre y apellidos | C6: Grupo actual | D6: Inicio continuado | E6: Años continuados | F6: Mandatos en los que ha tenido escaño | G6: Interrupciones previas | H6: Observación
A7: 1 | B7: Fernando Martínez Vidal | C7: VOX | D7: 11/06/2011 | E7: 15.2 | F7: 2011-15, 2015-19, 2019-23, 2023-27 | G7: No | H7: Entró con el PP y desde 2019 ocupa el mismo escaño por VOX. Decano del Pleno.
A8: 2 | B8: Almudena Maíllo del Valle | C8: PP | D8: 17/01/2012 | E8: 14.6 | F8: 2011-15 (desde 2012), 2015-19, 2019-23, 2023-27 | G8: No | H8: Accedió como sustituta durante la alcaldía de Ana Botella.
A9: 3 | B9: José Luis Martínez-Almeida Navasqüés | C9: PP | D9: 13/06/2015 | E9: 11.2 | F9: 2015-19, 2019-23, 2023-27 | G9: No | H9: Alcalde desde el 15 de junio de 2019.
A10: 4 | B10: María Inmaculada Sanz Otero | C10: PP | D10: 13/06/2015 | E10: 11.2 | F10: 2015-19, 2019-23, 2023-27 | G10: No | H10: Vicealcaldesa y primera teniente de alcalde desde 2023.
A11: 5 | B11: Álvaro González López | C11: PP | D11: 13/06/2015 | E11: 11.2 | F11: 2015-19, 2019-23, 2023-27 | G11: No | H11: Delegado del Área de Gobierno de Vivienda.
A12: 6 | B12: Rita Maestre Fernández | C12: Más Madrid | D12: 13/06/2015 | E12: 11.2 | F12: 2015-19, 2019-23, 2023-27 | G12: No | H12: Portavoz del gobierno de Carmena y después portavoz de la oposición.
A13: 7 | B13: Ignacio Murgui Parra | C13: Más Madrid | D13: 13/06/2015 | E13: 11.2 | F13: 2015-19, 2019-23, 2023-27 | G13: No | H13: Dedicación parcial del 75% en el mandato actual.
A14: 8 | B14: Esther Gómez Morante | C14: Más Madrid | D14: 13/06/2015 | E14: 11.2 | F14: 2015-19, 2019-23, 2023-27 | G14: No | H14: Dedicación parcial durante parte del mandato actual.
A15: 9 | B15: Paloma García Romero | C15: PP | D15: 28/09/2016 | E15: 9.9 | F15: 2003-07, 2007-11, 2011-15, 2015-19 (desde 2016), 2019-23, 2023-27 | G15: Sí: sin escaño entre junio de 2015 y septiembre de 2016 | H15: Decana en cómputo acumulado: en torno a veinte años de escaño municipal en seis corporaciones.
A16: 10 | B16: Francisco de Borja Carabante Muntada | C16: PP | D16: 15/06/2019 | E16: 7.2 | F16: 2015-19 (hasta 2016), 2019-23, 2023-27 | G16: Sí: entre noviembre de 2016 y junio de 2019
A17: 11 | B17: Francisco de Borja Fanjul Fernández-Pita | C17: PP | D17: 15/06/2019 | E17: 7.2 | F17: 2015-19 (hasta 2016), 2019-23, 2023-27 | G17: Sí: entre noviembre de 2016 y junio de 2019 | H17: Presidente del Pleno.
A18: 12 | B18: Engracia Hidalgo Tena | C18: PP | D18: 15/06/2019 | E18: 7.2 | F18: 2019-23, 2023-27 | G18: No
A19: 13 | B19: José Fernández Sánchez | C19: PP | D19: 15/06/2019 | E19: 7.2 | F19: 2019-23, 2023-27 | G19: No
A20: 14 | B20: Sonia Cea Quintana | C20: PP | D20: 15/06/2019 | E20: 7.2 | F20: 2019-23, 2023-27 | G20: No
A21: 15 | B21: María Cayetana Hernández de la Riva | C21: PP | D21: 15/06/2019 | E21: 7.2 | F21: 2019-23, 2023-27 | G21: No
A22: 16 | B22: Andrea Levy Soler | C22: PP | D22: 15/06/2019 | E22: 7.2 | F22: 2019-23, 2023-27 | G22: No
A23: 17 | B23: Ángel Niño Quesada | C23: PP | D23: 15/06/2019 | E23: 7.2 | F23: 2019-23, 2023-27 | G23: No | H23: Obtuvo el escaño por Ciudadanos en 2019 y lo revalidó por el PP en 2023.
A24: 18 | B24: Francisco Javier Ortega Smith-Molina | C24: VOX | D24: 15/06/2019 | E24: 7.2 | F24: 2019-23, 2023-27 | G24: No | H24: Régimen de asistencia a órganos colegiados, no de dedicación exclusiva.
A25: 19 | B25: Arantzazu Purificación Cabello López | C25: VOX | D25: 15/06/2019 | E25: 7.2 | F25: 2019-23, 2023-27 | G25: No | H25: Régimen de asistencia a órganos colegiados.
A26: 20 | B26: Pedro Esteban Barrero Cuadrado | C26: PSOE | D26: 15/06/2019 | E26: 7.2 | F26: 2019-23, 2023-27 | G26: No
A27: 21 | B27: Enma López Araújo | C27: PSOE | D27: 15/06/2019 | E27: 7.2 | F27: 2019-23, 2023-27 | G27: No
A28: 22 | B28: María Pilar Sánchez Álvarez | C28: Más Madrid | D28: 15/06/2019 | E28: 7.2 | F28: 2019-23, 2023-27 | G28: No
A29: 23 | B29: Félix López-Rey Gómez | C29: Más Madrid | D29: 15/06/2019 | E29: 7.2 | F29: 2019-23, 2023-27 | G29: Sí: concejal en corporaciones anteriores a 2011 | H29: Su recorrido municipal se remonta a los años ochenta, con largas interrupciones.
A30: 24 | B30: José Luis Nieto Bueno | C30: Más Madrid | D30: 29/10/2019 | E30: 6.8 | F30: 2019-23, 2023-27 | G30: No
A31: 25 | B31: María del Mar Barberán Parrado | C31: Más Madrid | D31: 10/01/2020 | E31: 6.6 | F31: 2019-23, 2023-27 | G31: No
A32: 26 | B32: Ignacio de Benito Pérez | C32: PSOE | D32: 29/09/2020 | E32: 5.9 | F32: 2015-19, 2019-23 (desde 2020), 2023-27 | G32: Sí: entre junio de 2019 y septiembre de 2020
A33: 27 | B33: Emilia Martínez Garrido | C33: PSOE | D33: 23/02/2021 | E33: 5.5 | F33: 2019-23 (desde 2021), 2023-27 | G33: No
A34: 28 | B34: Orlando Chacón Tabares | C34: PP | D34: 17/06/2023 | E34: 3.2 | F34: 2015-19 (desde 2016), 2023-27 | G34: Sí: mandato completo 2019-2023 fuera del Pleno
A35: 29 | B35: María Dolores Navarro Ruiz | C35: PP | D35: 17/06/2023 | E35: 3.2 | F35: 2011-15, 2023-27 | G35: Sí: dos mandatos completos fuera del Pleno
A36: 30 | B36: Carlos Izquierdo Torres | C36: PP | D36: 17/06/2023 | E36: 3.2 | F36: 2011-15 (hasta 2012), 2023-27 | G36: Sí: más de once años fuera del Pleno | H36: Portavoz del Grupo Municipal del Partido Popular.
A37: 31 | B37: Carlos Segura Gutiérrez | C37: PP | D37: 17/06/2023 | E37: 3.2 | F37: 2015-19 (mayo-junio de 2019), 2023-27 | G37: Sí
A38: 32 | B38: Miguel Montejo Bombín | C38: Más Madrid | D38: 30/04/2024 | E38: 2.3 | F38: 2019-23, 2023-27 (desde 2024) | G38: Sí: entre junio de 2023 y abril de 2024
A40: Nota metodológica: las fechas en azul son datos de origen. Las sustituciones a mitad de mandato deben certificarse contra el fichero oficial «Concejales del Ayuntamiento de Madrid desde 1979» del portal de datos abiertos municipal antes de publicar cualquier cifra.

Sheet 2. Escalas retributivas
A1: Escala retributiva anual bruta del Alcalde y los concejales (excluida antigüedad)
A2: El Acuerdo del Pleno de 27 de marzo de 2014 fija la retribución de todos los cargos como porcentaje de la del Alcalde. Basta, por tanto, un solo dato de origen por año: el sueldo del Alcalde. Celdas azules: dato de origen. Celdas amarillas: dato pendiente de certificar contra el PDF oficial del año.
A6: Porcentajes sobre la retribución del Alcalde
A7: Código | B7: Cargo | C7: Importe 2025 (oficial) | D7: % sobre Alcalde
A8: A | B8: Alcalde | C8: 114011.52 | D8: =C8/$C$8 -> 1
A9: B | B9: Presidente del Pleno / Primer teniente de alcalde | C9: 111617.16 | D9: =C9/$C$8 -> 0.97899896
A10: C | B10: Delegado de Área de Gobierno / Portavoz de grupo político | C10: 106965.6 | D10: =C10/$C$8 -> 0.93819993
A11: D | B11: Concejal-presidente de distrito / Delegado de Área Delegada | C11: 104639.76 | D11: =C11/$C$8 -> 0.91779989
A12: E | B12: Concejal sin responsabilidad de gestión pública | C12: 70698.48 | D12: =C12/$C$8 -> 0.62009944
B13: Fuente: «Retribuciones del Alcalde y de los Concejales del Ayuntamiento de Madrid», actualizado a 31 de diciembre de 2025. Portal de Transparencia del Ayuntamiento de Madrid.
A16: Retribución del Alcalde por año y escala derivada | H16: Bloque de cálculo (no modificar)
A17: Año | B17: Retribución Alcalde | C17: Origen del dato | D17: B | E17: C | F17: D | G17: E | H17: A | I17: B | J17: C | K17: D | L17: E
A18: 2011 | B18: 104238 | C18: Estimado. Verificar | D18: =$B18*$D$9 -> 102048.89 | E18: =$B18*$D$10 -> 97796.084 | F18: =$B18*$D$11 -> 95669.624 | G18: =$B18*$D$12 -> 64637.926 | H18: =$B18 -> 104238 | I18: =$B18*$D$9 -> 102048.89 | J18: =$B18*$D$10 -> 97796.084 | K18: =$B18*$D$11 -> 95669.624 | L18: =$B18*$D$12 -> 64637.926
A19: 2012 | B19: 104238 | C19: Estimado. Verificar | D19: =$B19*$D$9 -> 102048.89 | E19: =$B19*$D$10 -> 97796.084 | F19: =$B19*$D$11 -> 95669.624 | G19: =$B19*$D$12 -> 64637.926 | H19: =$B19 -> 104238 | I19: =$B19*$D$9 -> 102048.89 | J19: =$B19*$D$10 -> 97796.084 | K19: =$B19*$D$11 -> 95669.624 | L19: =$B19*$D$12 -> 64637.926
A20: 2013 | B20: 104238 | C20: Estimado. Verificar | D20: =$B20*$D$9 -> 102048.89 | E20: =$B20*$D$10 -> 97796.084 | F20: =$B20*$D$11 -> 95669.624 | G20: =$B20*$D$12 -> 64637.926 | H20: =$B20 -> 104238 | I20: =$B20*$D$9 -> 102048.89 | J20: =$B20*$D$10 -> 97796.084 | K20: =$B20*$D$11 -> 95669.624 | L20: =$B20*$D$12 -> 64637.926
A21: 2014 | B21: 102250.27 | C21: Estimado. Verificar | D21: =$B21*$D$9 -> 100102.91 | E21: =$B21*$D$10 -> 95931.196 | F21: =$B21*$D$11 -> 93845.286 | G21: =$B21*$D$12 -> 63405.335 | H21: =$B21 -> 102250.27 | I21: =$B21*$D$9 -> 100102.91 | J21: =$B21*$D$10 -> 95931.196 | K21: =$B21*$D$11 -> 93845.286 | L21: =$B21*$D$12 -> 63405.335
A22: 2015 | B22: 102250.27 | C22: Estimado. Verificar | D22: =$B22*$D$9 -> 100102.91 | E22: =$B22*$D$10 -> 95931.196 | F22: =$B22*$D$11 -> 93845.286 | G22: =$B22*$D$12 -> 63405.335 | H22: =$B22 -> 102250.27 | I22: =$B22*$D$9 -> 100102.91 | J22: =$B22*$D$10 -> 95931.196 | K22: =$B22*$D$11 -> 93845.286 | L22: =$B22*$D$12 -> 63405.335
A23: 2016 | B23: 103272.77 | C23: Estimado. Verificar | D23: =$B23*$D$9 -> 101103.93 | E23: =$B23*$D$10 -> 96890.506 | F23: =$B23*$D$11 -> 94783.736 | G23: =$B23*$D$12 -> 64039.387 | H23: =$B23 -> 103272.77 | I23: =$B23*$D$9 -> 101103.93 | J23: =$B23*$D$10 -> 96890.506 | K23: =$B23*$D$11 -> 94783.736 | L23: =$B23*$D$12 -> 64039.387
A24: 2017 | B24: 104305.5 | C24: Estimado. Verificar | D24: =$B24*$D$9 -> 102114.98 | E24: =$B24*$D$10 -> 97859.413 | F24: =$B24*$D$11 -> 95731.576 | G24: =$B24*$D$12 -> 64679.782 | H24: =$B24 -> 104305.5 | I24: =$B24*$D$9 -> 102114.98 | J24: =$B24*$D$10 -> 97859.413 | K24: =$B24*$D$11 -> 95731.576 | L24: =$B24*$D$12 -> 64679.782
A25: 2018 | B25: 106130.84 | C25: Estimado. Verificar | D25: =$B25*$D$9 -> 103901.98 | E25: =$B25*$D$10 -> 99571.947 | F25: =$B25*$D$11 -> 97406.873 | G25: =$B25*$D$12 -> 65811.675 | H25: =$B25 -> 106130.84 | I25: =$B25*$D$9 -> 103901.98 | J25: =$B25*$D$10 -> 99571.947 | K25: =$B25*$D$11 -> 97406.873 | L25: =$B25*$D$12 -> 65811.675
A26: 2019 | B26: 108517.8 | C26: Oficial | D26: =$B26*$D$9 -> 106238.81 | E26: =$B26*$D$10 -> 101811.39 | F26: =$B26*$D$11 -> 99597.624 | G26: =$B26*$D$12 -> 67291.827 | H26: =$B26 -> 108517.8 | I26: =$B26*$D$9 -> 106238.81 | J26: =$B26*$D$10 -> 101811.39 | K26: =$B26*$D$11 -> 99597.624 | L26: =$B26*$D$12 -> 67291.827
A27: 2020 | B27: 108517.8 | C27: Oficial | D27: =$B27*$D$9 -> 106238.81 | E27: =$B27*$D$10 -> 101811.39 | F27: =$B27*$D$11 -> 99597.624 | G27: =$B27*$D$12 -> 67291.827 | H27: =$B27 -> 108517.8 | I27: =$B27*$D$9 -> 106238.81 | J27: =$B27*$D$10 -> 101811.39 | K27: =$B27*$D$11 -> 99597.624 | L27: =$B27*$D$12 -> 67291.827
A28: 2021 | B28: 108517.8 | C28: Oficial | D28: =$B28*$D$9 -> 106238.81 | E28: =$B28*$D$10 -> 101811.39 | F28: =$B28*$D$11 -> 99597.624 | G28: =$B28*$D$12 -> 67291.827 | H28: =$B28 -> 108517.8 | I28: =$B28*$D$9 -> 106238.81 | J28: =$B28*$D$10 -> 101811.39 | K28: =$B28*$D$11 -> 99597.624 | L28: =$B28*$D$12 -> 67291.827
A29: 2022 | B29: 108517.8 | C29: Oficial | D29: =$B29*$D$9 -> 106238.81 | E29: =$B29*$D$10 -> 101811.39 | F29: =$B29*$D$11 -> 99597.624 | G29: =$B29*$D$12 -> 67291.827 | H29: =$B29 -> 108517.8 | I29: =$B29*$D$9 -> 106238.81 | J29: =$B29*$D$10 -> 101811.39 | K29: =$B29*$D$11 -> 99597.624 | L29: =$B29*$D$12 -> 67291.827
... A33: 2026 | B33: 115721.69 | C33: Oficial | D33: =$B33*$D$9 -> 113291.41 | E33: =$B33*$D$10 -> 108570.08 | F33: =$B33*$D$11 -> 106209.35 | G33: =$B33*$D$12 -> 71758.955 | H33: =$B33 -> 115721.69 | I33: =$B33*$D$9 -> 113291.41 | J33: =$B33*$D$10 -> 108570.08 | K33: =$B33*$D$11 -> 106209.35 | L33: =$B33*$D$12 -> 71758.955
A35: Datos oficiales: 2019 a 2023, retribución congelada en 108.517,80 € (la corporación renunció a los incrementos de 2021, 2022 y 2023); 2024, 110.688,12 €; 2025, 114.011,52 € tras el 2,5 % del Real Decreto-ley 14/2025; 2026, 115.721,69 € por aplicación del incremento del 1,5 % aprobado por la Junta de Gobierno el 15 de enero de 2026 con efectos de 1 de enero. Los años 2011 a 2018 son estimaciones obtenidas deflactando con los incrementos generales del sector público y deben sustituirse por el dato oficial de cada ejercicio.

Sheet 3. Nominas 2024
A1: Retribuciones brutas efectivamente percibidas en nómina durante 2024
A2: Dato oficial y nominal, no estimación. Fuente: «Retribuciones brutas percibidas en nómina por los concejales y concejalas», ejercicio 2024, Dirección General de Costes y Gestión de Personal del Ayuntamiento de Madrid. Se reproduce el importe mes a mes tal y como figura en el fichero oficial.
A6: Nombre y apellidos | B6: Grupo | C6: Cargo en 2024 | D6: Enero | E6: Febrero | F6: Marzo | G6: Abril | H6: Mayo | I6: Junio | J6: Julio | K6: Agosto | L6: Septiembre | M6: Octubre | N6: Noviembre | O6: Diciembre | P6: Total 2024 | Q6: Meses con dato
A7: José Luis Martínez-Almeida Navasqüés | B7: PP | C7: Alcalde | D7: 9391.96 | E7: 9391.96 | F7: 9419.26 | G7: 9393.64 | H7: 9393.64 | I7: 9610.01 | J7: 10713 | K7: 9581.5 | L7: 9581.5 | M7: 9581.5 | N7: 9581.5 | O7: 9802.21 | P7: =SUM(D7:O7) -> 115441.68 | Q7: =COUNT(D7:O7) -> 12
A8: Carlos Izquierdo Torres | B8: PP | C8: Portavoz del grupo municipal | D8: 8982.58 | E8: 8982.58 | F8: 9006.66 | G8: 8984.98 | H8: 8984.98 | I8: 9294.08 | J8: 10249.01 | K8: 9164.67 | L8: 9164.67 | M8: 9164.67 | N8: 9164.67 | O8: 9862.57 | P8: =SUM(D8:O8) -> 111006.12 | Q8: =COUNT(D8:O8) -> 12
A9: Engracia Hidalgo Tena | B9: PP | C9: Delegada de Área de Gobierno | D9: 9153.01 | E9: 9153.01 | F9: 9202.85 | G9: 9156.23 | H9: 9156.23 | I9: 9578.88 | J9: 10446.48 | K9: 9339.34 | L9: 9339.34 | M9: 9339.34 | N9: 9954.48 | O9: 9770.47 | P9: =SUM(D9:O9) -> 113589.66 | Q9: =COUNT(D9:O9) -> 12
A10: José Fernández Sánchez | B10: PP | C10: Delegado de Área de Gobierno | D10: 8932.75 | E10: 8932.75 | F10: 8967.84 | G10: 8934.91 | H10: 8934.91 | I10: 9213.1 | J10: 10191.32 | K10: 9113.6 | L10: 9113.6 | M10: 9113.6 | N10: 9728.74 | O10: 9397.37 | P10: =SUM(D10:O10) -> 110574.49 | Q10: =COUNT(D10:O10) -> 12
A11: María Inmaculada Sanz Otero | B11: PP | C11: Primera teniente de alcalde | D11: 8853.24 | E11: 8853.24 | F11: 8853.24 | G11: 8853.24 | H11: 8853.24 | I11: 8853.24 | J11: 10092.66 | K11: 9030.3 | L11: 9030.3 | M11: 9030.3 | N11: 9030.3 | O11: 9030.3 | P11: =SUM(D11:O11) -> 108363.6 | Q11: =COUNT(D11:O11) -> 12
A12: Francisco de Borja Fanjul Fernández-Pita | B12: PP | C12: Presidente del Pleno | D12: 8853.24 | E12: 8853.24 | F12: 8853.24 | G12: 8853.24 | H12: 8853.24 | I12: 8853.24 | J12: 10092.66 | K12: 9030.3 | L12: 9030.3 | M12: 9030.3 | N12: 9030.3 | O12: 9030.3 | P12: =SUM(D12:O12) -> 108363.6 | Q12: =COUNT(D12:O12) -> 12
A13: Marta María Rivera de la Cruz | B13: PP | C13: Tercera teniente de alcalde | D13: 8484.28 | E13: 8484.28 | F13: 8484.28 | G13: 8484.28 | H13: 8484.28 | I13: 8484.28 | J13: 9672.11 | K13: 8653.97 | L13: 8653.97 | M13: 8653.97 | N13: 8653.97 | O13: 8653.97 | P13: =SUM(D13:O13) -> 103847.64 | Q13: =COUNT(D13:O13) -> 12
A14: Francisco de Borja Carabante Muntada | B14: PP | C14: Segundo teniente de alcalde | D14: 8484.28 | E14: 8484.28 | F14: 8484.28 | G14: 8484.28 | H14: 8484.28 | I14: 8484.28 | J14: 9672.11 | K14: 8653.97 | L14: 8653.97 | M14: 8653.97 | N14: 8653.97 | O14: 8653.97 | P14: =SUM(D14:O14) -> 103847.64 | Q14: =COUNT(D14:O14) -> 12
A15: Paloma García Romero | B15: PP | C15: Delegada de Área de Gobierno | D15: 8484.28 | E15: 8484.28 | F15: 8484.28 | G15: 8484.28 | H15: 8484.28 | I15: 8484.28 | J15: 9672.11 | K15: 8653.97 | L15: 8653.97 | M15: 8653.97 | N15: 8653.97 | O15: 8653.97 | P15: =SUM(D15:O15) -> 103847.64 | Q15: =COUNT(D15:O15) -> 12
A16: Álvaro González López | B16: PP | C16: Delegado de Área de Gobierno | D16: 8484.28 | E16: 8484.28 | F16: 8484.28 | G16: 8484.28 | H16: 8484.28 | I16: 8484.28 | J16: 9672.11 | K16: 8653.97 | L16: 8653.97 | M16: 8653.97 | N16: 9269.11 | O16: 8653.97 | P16: =SUM(D16:O16) -> 104462.78 | Q16: =COUNT(D16:O16) -> 12
A17: Rita Maestre Fernández | B17: Más Madrid | C17: Portavoz del grupo municipal | D17: 8484.28 | E17: 8484.28 | F17: 8484.28 | G17: 8484.28 | H17: 8484.28 | I17: 8484.28 | J17: 9672.11 | K17: 8653.97 | L17: 8653.97 | M17: 8653.97 | N17: 8653.97 | O17: 8653.97 | P17: =SUM(D17:O17) -> 103847.64 | Q17: =COUNT(D17:O17) -> 12
A18: Nadia Álvarez Padilla | B18: PP | C18: Concejala-presidenta de distrito | D18: 8457.4 | E18: 8457.4 | F18: 8687.4 | G18: 8458.2 | H18: 8458.2 | I18: 8616.6 | J18: 9645.8 | K18: 8627.4 | L18: 8627.4 | M18: 8627.4 | N18: 8627.4 | O18: 9182.44 | P18: =SUM(D18:O18) -> 104473.04 | Q18: =COUNT(D18:O18) -> 12
... A57: Carla Toscano de Balbín | B57: VOX | C57: Concejala sin responsabilidad de gestión | D57: 5607.65 | E57: 5607.65 | F57: 5607.65 | G57: 5607.65 | H57: 5607.65 | I57: 5607.65 | J57: 6392.7 | K57: 5719.8 | L57: 5719.8 | M57: 5719.8 | N57: 5719.8 | O57: 5719.8 | P57: =SUM(D57:O57) -> 68637.6 | Q57: =COUNT(D57:O57) -> 12
A58: Arantzazu Purificación Cabello López | B58: VOX | C58: Asistencia a órganos colegiados | D58: 2771.8 | E58: 1920.43 | F58: 2132.58 | G58: 2132.58 | H58: 1493.36 | I58: 1920.43 | J58: 2285.6 | K58: 1523.22 | L58: 652 | M58: 1739.61 | N58: 1520.39 | P58: =SUM(D58:O58) -> 20092 | Q58: =COUNT(D58:O58) -> 11
A59: Francisco Javier Ortega Smith-Molina | B59: VOX | C59: Asistencia a órganos colegiados | D59: 1278.44 | E59: 1278.44 | F59: 851.37 | G59: 851.37 | H59: 851.37 | I59: 1278.44 | J59: 1406.23 | K59: 868.39 | L59: 868.39 | M59: 868.39 | N59: 2438.73 | P59: =SUM(D59:O59) -> 12839.56 | Q59: =COUNT(D59:O59) -> 11
A61: Advertencia: la columna «Meses con dato» permite detectar filas incompletas. Los concejales de VOX Ortega Smith y Cabello López no tienen dedicación exclusiva, sino régimen de asistencia a órganos colegiados, por lo que sus importes no son comparables con el resto. Se han excluido de esta tabla las filas del fichero oficial correspondientes a regularizaciones de concejales ya cesados y a altas y bajas con datos parciales, cuya reconstrucción exige acudir al fichero original.

Sheet 4. Acumulado por concejal
A1: Estimación del acumulado retributivo por concejal, 2011-2026
A2: Cada celda indica el cargo desempeñado ese año (A, B, C, D o E según la hoja de escalas) y el modelo aplica automáticamente la retribución correspondiente. Donde el cargo no está acreditado se ha asignado el código E, el de menor retribución, de modo que el resultado es un SUELO y no una cifra máxima: la cantidad realmente percibida es igual o superior. 2026 se computa completo.
A6: Nombre y apellidos | B6: 2011 | C6: 2012 | D6: 2013 | E6: 2014 | F6: 2015 | G6: 2016 | H6: 2017 | I6: 2018 | J6: 2019 | K6: 2020 | L6: 2021 | M6: 2022 | N6: 2023 | O6: 2024 | P6: 2025 | Q6: 2026 | R6: Acumulado estimado (suelo)
A7: Fernando Martínez Vidal | B7: E | C7: E | D7: E | E7: E | F7: E | G7: E | H7: E | I7: E | J7: E | K7: E | L7: E | M7: E | N7: E | O7: E | P7: E | Q7: E
A8: Importe estimado | B8: =IF(B7="",0,INDEX('2. Escalas retributivas'!$H$18:$L$18,MATCH(B7,{"A","B","C","D","E"},0))) -> 64637.926 | C8: =IF(C7="",0,INDEX('2. Escalas retributivas'!$H$19:$L$19,MATCH(C7,{"A","B","C","D","E"},0))) -> 64637.926 | D8: =IF(D7="",0,INDEX('2. Escalas retributivas'!$H$20:$L$20,MATCH(D7,{"A","B","C","D","E"},0))) -> 64637.926 | E8: =IF(E7="",0,INDEX('2. Escalas retributivas'!$H$21:$L$21,MATCH(E7,{"A","B","C","D","E"},0))) -> 63405.335 | F8: =IF(F7="",0,INDEX('2. Escalas retributivas'!$H$22:$L$22,MATCH(F7,{"A","B","C","D","E"},0))) -> 63405.335 | G8: =IF(G7="",0,INDEX('2. Escalas retributivas'!$H$23:$L$23,MATCH(G7,{"A","B","C","D","E"},0))) -> 64039.387 | H8: =IF(H7="",0,INDEX('2. Escalas retributivas'!$H$24:$L$24,MATCH(H7,{"A","B","C","D","E"},0))) -> 64679.782 | I8: =IF(I7="",0,INDEX('2. Escalas retributivas'!$H$25:$L$25,MATCH(I7,{"A","B","C","D","E"},0))) -> 65811.675 | J8: =IF(J7="",0,INDEX('2. Escalas retributivas'!$H$26:$L$26,MATCH(J7,{"A","B","C","D","E"},0))) -> 67291.827 | K8: =IF(K7="",0,INDEX('2. Escalas retributivas'!$H$27:$L$27,MATCH(K7,{"A","B","C","D","E"},0))) -> 67291.827 | L8: =IF(L7="",0,INDEX('2. Escalas retributivas'!$H$28:$L$28,MATCH(L7,{"A","B","C","D","E"},0))) -> 67291.827 | M8: =IF(M7="",0,INDEX('2. Escalas retributivas'!$H$29:$L$29,MATCH(M7,{"A","B","C","D","E"},0))) -> 67291.827 | N8: =IF(N7="",0,INDEX('2. Escalas retributivas'!$H$30:$L$30,MATCH(N7,{"A","B","C","D","E"},0))) -> 67291.827 | O8: =IF(O7="",0,INDEX('2. Escalas retributivas'!$H$31:$L$31,MATCH(O7,{"A","B","C","D","E"},0))) -> 68637.642 | P8: =IF(P7="",0,INDEX('2. Escalas retributivas'!$H$32:$L$32,MATCH(P7,{"A","B","C","D","E"},0))) -> 70698.48 | Q8: =IF(Q7="",0,INDEX('2. Escalas retributivas'!$H$33:$L$33,MATCH(Q7,{"A","B","C","D","E"},0))) -> 71758.955 | R8: =SUM(B8:Q8) -> 1062809.5
A9: Almudena Maíllo del Valle | C9: E | D9: E | E9: E | F9: E | G9: E | H9: E | I9: E | J9: D | K9: D | L9: D | M9: D | N9: D | O9: D | P9: D | Q9: D
A10: Importe estimado | B10: =IF(B9="",0,INDEX('2. Escalas retributivas'!$H$18:$L$18,MATCH(B9,{"A","B","C","D","E"},0))) -> 0 | C10: =IF(C9="",0,INDEX('2. Escalas retributivas'!$H$19:$L$19,MATCH(C9,{"A","B","C","D","E"},0))) -> 64637.926 | D10: =IF(D9="",0,INDEX('2. Escalas retributivas'!$H$20:$L$20,MATCH(D9,{"A","B","C","D","E"},0))) -> 64637.926 | E10: =IF(E9="",0,INDEX('2. Escalas retributivas'!$H$21:$L$21,MATCH(E9,{"A","B","C","D","E"},0))) -> 63405.335 | F10: =IF(F9="",0,INDEX('2. Escalas retributivas'!$H$22:$L$22,MATCH(F9,{"A","B","C","D","E"},0))) -> 63405.335 | G10: =IF(G9="",0,INDEX('2. Escalas retributivas'!$H$23:$L$23,MATCH(G9,{"A","B","C","D","E"},0))) -> 64039.387 | H10: =IF(H9="",0,INDEX('2. Escalas retributivas'!$H$24:$L$24,MATCH(H9,{"A","B","C","D","E"},0))) -> 64679.782 | I10: =IF(I9="",0,INDEX('2. Escalas retributivas'!$H$25:$L$25,MATCH(I9,{"A","B","C","D","E"},0))) -> 65811.675 | J10: =IF(J9="",0,INDEX('2. Escalas retributivas'!$H$26:$L$26,MATCH(J9,{"A","B","C","D","E"},0))) -> 99597.624 | K10: =IF(K9="",0,INDEX('2. Escalas retributivas'!$H$27:$L$27,MATCH(K9,{"A","B","C","D","E"},0))) -> 99597.624 | L10: =IF(L9="",0,INDEX('2. Escalas retributivas'!$H$28:$L$28,MATCH(L9,{"A","B","C","D","E"},0))) -> 99597.624 | M10: =IF(M9="",0,INDEX('2. Escalas retributivas'!$H$29:$L$29,MATCH(M9,{"A","B","C","D","E"},0))) -> 99597.624 | N10: =IF(N9="",0,INDEX('2. Escalas retributivas'!$H$30:$L$30,MATCH(N9,{"A","B","C","D","E"},0))) -> 99597.624 | O10: =IF(O9="",0,INDEX('2. Escalas retributivas'!$H$31:$L$31,MATCH(O9,{"A","B","C","D","E"},0))) -> 101589.54 | P10: =IF(P9="",0,INDEX('2. Escalas retributivas'!$H$32:$L$32,MATCH(P9,{"A","B","C","D","E"},0))) -> 104639.76 | Q10: =IF(Q9="",0,INDEX('2. Escalas retributivas'!$H$33:$L$33,MATCH(Q9,{"A","B","C","D","E"},0))) -> 106209.35 | R10: =SUM(B10:Q10) -> 1261044.1
A11: José Luis Martínez-Almeida Navasqüés | F11: E | G11: E | H11: C | I11: C | J11: A | K11: A | L11: A | M11: A | N11: A | O11: A | P11: A | Q11: A
A12: Importe estimado | B12: =IF(B11="",0,INDEX('2. Escalas retributivas'!$H$18:$L$18,MATCH(B11,{"A","B","C","D","E"},0))) -> 0 | C12: =IF(C11="",0,INDEX('2. Escalas retributivas'!$H$19:$L$19,MATCH(C11,{"A","B","C","D","E"},0))) -> 0 | D12: =IF(D11="",0,INDEX('2. Escalas retributivas'!$H$20:$L$20,MATCH(D11,{"A","B","C","D","E"},0))) -> 0 | E12: =IF(E11="",0,INDEX('2. Escalas retributivas'!$H$21:$L$21,MATCH(E11,{"A","B","C","D","E"},0))) -> 0 | F12: =IF(F11="",0,INDEX('2. Escalas retributivas'!$H$22:$L$22,MATCH(F11,{"A","B","C","D","E"},0))) -> 63405.335 | G12: =IF(G11="",0,INDEX('2. Escalas retributivas'!$H$23:$L$23,MATCH(G11,{"A","B","C","D","E"},0))) -> 64039.387 | H12: =IF(H11="",0,INDEX('2. Escalas retributivas'!$H$24:$L$24,MATCH(H11,{"A","B","C","D","E"},0))) -> 97859.413 | I12: =IF(I11="",0,INDEX('2. Escalas retributivas'!$H$25:$L$25,MATCH(I11,{"A","B","C","D","E"},0))) -> 99571.947 | J12: =IF(J11="",0,INDEX('2. Escalas retributivas'!$H$26:$L$26,MATCH(J11,{"A","B","C","D","E"},0))) -> 108517.8 | K12: =IF(K11="",0,INDEX('2. Escalas retributivas'!$H$27:$L$27,MATCH(K11,{"A","B","C","D","E"},0))) -> 108517.8 | L12: =IF(L11="",0,INDEX('2. Escalas retributivas'!$H$28:$L$28,MATCH(L11,{"A","B","C","D","E"},0))) -> 108517.8 | M12: =IF(M11="",0,INDEX('2. Escalas retributivas'!$H$29:$L$29,MATCH(M11,{"A","B","C","D","E"},0))) -> 108517.8 | N12: =IF(N11="",0,INDEX('2. Escalas retributivas'!$H$30:$L$30,MATCH(N11,{"A","B","C","D","E"},0))) -> 108517.8 | O12: =IF(O11="",0,INDEX('2. Escalas retributivas'!$H$31:$L$31,MATCH(O11,{"A","B","C","D","E"},0))) -> 110688.12 | P12: =IF(P11="",0,INDEX('2. Escalas retributivas'!$H$32:$L$32,MATCH(P11,{"A","B","C","D","E"},0))) -> 114011.52 | Q12: =IF(Q11="",0,INDEX('2. Escalas retributivas'!$H$33:$L$33,MATCH(Q11,{"A","B","C","D","E"},0))) -> 115721.69 | R12: =SUM(B12:Q12) -> 1207886.4
A13: María Inmaculada Sanz Otero | F13: E | G13: E | H13: E | I13: E | J13: C | K13: C | L13: C | M13: C | N13: B | O13: B | P13: B | Q13: B
A14: Importe estimado | B14: =IF(B13="",0,INDEX('2. Escalas retributivas'!$H$18:$L$18,MATCH(B13,{"A","B","C","D","E"},0))) -> 0 | C14: =IF(C13="",0,INDEX('2. Escalas retributivas'!$H$19:$L$19,MATCH(C13,{"A","B","C","D","E"},0))) -> 0 | D14: =IF(D13="",0,INDEX('2. Escalas retributivas'!$H$20:$L$20,MATCH(D13,{"A","B","C","D","E"},0))) -> 0 | E14: =IF(E13="",0,INDEX('2. Escalas retributivas'!$H$21:$L$21,MATCH(E13,{"A","B","C","D","E"},0))) -> 0 | F14: =IF(F13="",0,INDEX('2. Escalas retributivas'!$H$22:$L$22,MATCH(F13,{"A","B","C","D","E"},0))) -> 63405.335 | G14: =IF(G13="",0,INDEX('2. Escalas retributivas'!$H$23:$L$23,MATCH(G13,{"A","B","C","D","E"},0))) -> 64039.387 | H14: =IF(H13="",0,INDEX('2. Escalas retributivas'!$H$24:$L$24,MATCH(H13,{"A","B","C","D","E"},0))) -> 64679.782 | I14: =IF(I13="",0,INDEX('2. Escalas retributivas'!$H$25:$L$25,MATCH(I13,{"A","B","C","D","E"},0))) -> 65811.675 | J14: =IF(J13="",0,INDEX('2. Escalas retributivas'!$H$26:$L$26,MATCH(J13,{"A","B","C","D","E"},0))) -> 101811.39 | K14: =IF(K13="",0,INDEX('2. Escalas retributivas'!$H$27:$L$27,MATCH(K13,{"A","B","C","D","E"},0))) -> 101811.39 | L14: =IF(L13="",0,INDEX('2. Escalas retributivas'!$H$28:$L$28,MATCH(L13,{"A","B","C","D","E"},0))) -> 101811.39 | M14: =IF(M13="",0,INDEX('2. Escalas retributivas'!$H$29:$L$29,MATCH(M13,{"A","B","C","D","E"},0))) -> 101811.39 | N14: =IF(N13="",0,INDEX('2. Escalas retributivas'!$H$30:$L$30,MATCH(N13,{"A","B","C","D","E"},0))) -> 106238.81 | O14: =IF(O13="",0,INDEX('2. Escalas retributivas'!$H$31:$L$31,MATCH(O13,{"A","B","C","D","E"},0))) -> 108363.55 | P14: =IF(P13="",0,INDEX('2. Escalas retributivas'!$H$32:$L$32,MATCH(P13,{"A","B","C","D","E"},0))) -> 111617.16 | Q14: =IF(Q13="",0,INDEX('2. Escalas retributivas'!$H$33:$L$33,MATCH(Q13,{"A","B","C","D","E"},0))) -> 113291.41 | R14: =SUM(B14:Q14) -> 1104692.7
A15: Álvaro González López | F15: E | G15: E | H15: E | I15: E | J15: C | K15: C | L15: C | M15: C | N15: C | O15: C | P15: C | Q15: C
A16: Importe estimado | B16: =IF(B15="",0,INDEX('2. Escalas retributivas'!$H$18:$L$18,MATCH(B15,{"A","B","C","D","E"},0))) -> 0 | C16: =IF(C15="",0,INDEX('2. Escalas retributivas'!$H$19:$L$19,MATCH(C15,{"A","B","C","D","E"},0))) -> 0 | D16: =IF(D15="",0,INDEX('2. Escalas retributivas'!$H$20:$L$20,MATCH(D15,{"A","B","C","D","E"},0))) -> 0 | E16: =IF(E15="",0,INDEX('2. Escalas retributivas'!$H$21:$L$21,MATCH(E15,{"A","B","C","D","E"},0))) -> 0 | F16: =IF(F15="",0,INDEX('2. Escalas retributivas'!$H$22:$L$22,MATCH(F15,{"A","B","C","D","E"},0))) -> 63405.335 | G16: =IF(G15="",0,INDEX('2. Escalas retributivas'!$H$23:$L$23,MATCH(G15,{"A","B","C","D","E"},0))) -> 64039.387 | H16: =IF(H15="",0,INDEX('2. Escalas retributivas'!$H$24:$L$24,MATCH(H15,{"A","B","C","D","E"},0))) -> 64679.782 | I16: =IF(I15="",0,INDEX('2. Escalas retributivas'!$H$25:$L$25,MATCH(I15,{"A","B","C","D","E"},0))) -> 65811.675 | J16: =IF(J15="",0,INDEX('2. Escalas retributivas'!$H$26:$L$26,MATCH(J15,{"A","B","C","D","E"},0))) -> 101811.39 | K16: =IF(K15="",0,INDEX('2. Escalas retributivas'!$H$27:$L$27,MATCH(K15,{"A","B","C","D","E"},0))) -> 101811.39 | L16: =IF(L15="",0,INDEX('2. Escalas retributivas'!$H$28:$L$28,MATCH(L15,{"A","B","C","D","E"},0))) -> 101811.39 | M16: =IF(M15="",0,INDEX('2. Escalas retributivas'!$H$29:$L$29,MATCH(M15,{"A","B","C","D","E"},0))) -> 101811.39 | N16: =IF(N15="",0,INDEX('2. Escalas retributivas'!$H$30:$L$30,MATCH(N15,{"A","B","C","D","E"},0))) -> 101811.39 | O16: =IF(O15="",0,INDEX('2. Escalas retributivas'!$H$31:$L$31,MATCH(O15,{"A","B","C","D","E"},0))) -> 103847.59 | P16: =IF(P15="",0,INDEX('2. Escalas retributivas'!$H$32:$L$32,MATCH(P15,{"A","B","C","D","E"},0))) -> 106965.6 | Q16: =IF(Q15="",0,INDEX('2. Escalas retributivas'!$H$33:$L$33,MATCH(Q15,{"A","B","C","D","E"},0))) -> 108570.08 | R16: =SUM(B16:Q16) -> 1086376.4
A17: Rita Maestre Fernández | F17: C | G17: C | H17: C | I17: C | J17: C | K17: C | L17: C | M17: C | N17: C | O17: C | P17: C | Q17: C
A18: Importe estimado | B18: =IF(B17="",0,INDEX('2. Escalas retributivas'!$H$18:$L$18,MATCH(B17,{"A","B","C","D","E"},0))) -> 0 | C18: =IF(C17="",0,INDEX('2. Escalas retributivas'!$H$19:$L$19,MATCH(C17,{"A","B","C","D","E"},0))) -> 0 | D18: =IF(D17="",0,INDEX('2. Escalas retributivas'!$H$20:$L$20,MATCH(D17,{"A","B","C","D","E"},0))) -> 0 | E18: =IF(E17="",0,INDEX('2. Escalas retributivas'!$H$21:$L$21,MATCH(E17,{"A","B","C","D","E"},0))) -> 0 | F18: =IF(F17="",0,INDEX('2. Escalas retributivas'!$H$22:$L$22,MATCH(F17,{"A","B","C","D","E"},0))) -> 95931.196 | G18: =IF(G17="",0,INDEX('2. Escalas retributivas'!$H$23:$L$23,MATCH(G17,{"A","B","C","D","E"},0))) -> 96890.506 | H18: =IF(H17="",0,INDEX('2. Escalas retributivas'!$H$24:$L$24,MATCH(H17,{"A","B","C","D","E"},0))) -> 97859.413 | I18: =IF(I17="",0,INDEX('2. Escalas retributivas'!$H$25:$L$25,MATCH(I17,{"A","B","C","D","E"},0))) -> 99571.947 | J18: =IF(J17="",0,INDEX('2. Escalas retributivas'!$H$26:$L$26,MATCH(J17,{"A","B","C","D","E"},0))) -> 101811.39 | K18: =IF(K17="",0,INDEX('2. Escalas retributivas'!$H$27:$L$27,MATCH(K17,{"A","B","C","D","E"},0))) -> 101811.39 | L18: =IF(L17="",0,INDEX('2. Escalas retributivas'!$H$28:$L$28,MATCH(L17,{"A","B","C","D","E"},0))) -> 101811.39 | M18: =IF(M17="",0,INDEX('2. Escalas retributivas'!$H$29:$L$29,MATCH(M17,{"A","B","C","D","E"},0))) -> 101811.39 | N18: =IF(N17="",0,INDEX('2. Escalas retributivas'!$H$30:$L$30,MATCH(N17,{"A","B","C","D","E"},0))) -> 101811.39 | O18: =IF(O17="",0,INDEX('2. Escalas retributivas'!$H$31:$L$31,MATCH(O17,{"A","B","C","D","E"},0))) -> 103847.59 | P18: =IF(P17="",0,INDEX('2. Escalas retributivas'!$H$32:$L$32,MATCH(P17,{"A","B","C","D","E"},0))) -> 106965.6 | Q18: =IF(Q17="",0,INDEX('2. Escalas retributivas'!$H$33:$L$33,MATCH(Q17,{"A","B","C","D","E"},0))) -> 108570.08 | R18: =SUM(B18:Q18) -> 1218693.3
A19: Ignacio Murgui Parra | F19: C | G19: C | H19: C | I19: C | J19: E | K19: E | L19: E | M19: E | N19: E | O19: E | P19: E | Q19: E
A20: Importe estimado | B20: =IF(B19="",0,INDEX('2. Escalas retributivas'!$H$18:$L$18,MATCH(B19,{"A","B","C","D","E"},0))) -> 0 | C20: =IF(C19="",0,INDEX('2. Escalas retributivas'!$H$19:$L$19,MATCH(C19,{"A","B","C","D","E"},0))) -> 0 | D20: =IF(D19="",0,INDEX('2. Escalas retributivas'!$H$20:$L$20,MATCH(D19,{"A","B","C","D","E"},0))) -> 0 | E20: =IF(E19="",0,INDEX('2. Escalas retributivas'!$H$21:$L$21,MATCH(E19,{"A","B","C","D","E"},0))) -> 0 | F20: =IF(F19="",0,INDEX('2. Escalas retributivas'!$H$22:$L$22,MATCH(F19,{"A","B","C","D","E"},0))) -> 95931.196 | G20: =IF(G19="",0,INDEX('2. Escalas retributivas'!$H$23:$L$23,MATCH(G19,{"A","B","C","D","E"},0))) -> 96890.506 | H20: =IF(H19="",0,INDEX('2. Escalas retributivas'!$H$24:$L$24,MATCH(H19,{"A","B","C","D","E"},0))) -> 97859.413 | I20: =IF(I19="",0,INDEX('2. Escalas retributivas'!$H$25:$L$25,MATCH(I19,{"A","B","C","D","E"},0))) -> 99571.947 | J20: =IF(J19="",0,INDEX('2. Escalas retributivas'!$H$26:$L$26,MATCH(J19,{"A","B","C","D","E"},0))) -> 67291.827 | K20: =IF(K19="",0,INDEX('2. Escalas retributivas'!$H$27:$L$27,MATCH(K19,{"A","B","C","D","E"},0))) -> 67291.827 | L20: =IF(L19="",0,INDEX('2. Escalas retributivas'!$H$28:$L$28,MATCH(L19,{"A","B","C","D","E"},0))) -> 67291.827 | M20: =IF(M19="",0,INDEX('2. Escalas retributivas'!$H$29:$L$29,MATCH(M19,{"A","B","C","D","E"},0))) -> 67291.827 | N20: =IF(N19="",0,INDEX('2. Escalas retributivas'!$H$30:$L$30,MATCH(N19,{"A","B","C","D","E"},0))) -> 67291.827 | O20: =IF(O19="",0,INDEX('2. Escalas retributivas'!$H$31:$L$31,MATCH(O19,{"A","B","C","D","E"},0))) -> 68637.642 | P20: =IF(P19="",0,INDEX('2. Escalas retributivas'!$H$32:$L$32,MATCH(P19,{"A","B","C","D","E"},0))) -> 70698.48 | Q20: =IF(Q19="",0,INDEX('2. Escalas retributivas'!$H$33:$L$33,MATCH(Q19,{"A","B","C","D","E"},0))) -> 71758.955 | R20: =SUM(B20:Q20) -> 937807.27
A21: Esther Gómez Morante | F21: E | G21: E | H21: E | I21: E | J21: E | K21: E | L21: E | M21: E | N21: E | O21: E | P21: E | Q21: E
A22: Importe estimado | B22: =IF(B21="",0,INDEX('2. Escalas retributivas'!$H$18:$L$18,MATCH(B21,{"A","B","C","D","E"},0))) -> 0 | C22: =IF(C21="",0,INDEX('2. Escalas retributivas'!$H$19:$L$19,MATCH(C21,{"A","B","C","D","E"},0))) -> 0 | D22: =IF(D21="",0,INDEX('2. Escalas retributivas'!$H$20:$L$20,MATCH(D21,{"A","B","C","D","E"},0))) -> 0 | E22: =IF(E21="",0,INDEX('2. Escalas retributivas'!$H$21:$L$21,MATCH(E21,{"A","B","C","D","E"},0))) -> 0 | F22: =IF(F21="",0,INDEX('2. Escalas retributivas'!$H$22:$L$22,MATCH(F21,{"A","B","C","D","E"},0))) -> 63405.335 | G22: =IF(G21="",0,INDEX('2. Escalas retributivas'!$H$23:$L$23,MATCH(G21,{"A","B","C","D","E"},0))) -> 64039.387 | H22: =IF(H21="",0,INDEX('2. Escalas retributivas'!$H$24:$L$24,MATCH(H21,{"A","B","C","D","E"},0))) -> 64679.782 | I22: =IF(I21="",0,INDEX('2. Escalas retributivas'!$H$25:$L$25,MATCH(I21,{"A","B","C","D","E"},0))) -> 65811.675 | J22: =IF(J21="",0,INDEX('2. Escalas retributivas'!$H$26:$L$26,MATCH(J21,{"A","B","C","D","E"},0))) -> 67291.827 | K22: =IF(K21="",0,INDEX('2. Escalas retributivas'!$H$27:$L$27,MATCH(K21,{"A","B","C","D","E"},0))) -> 67291.827 | L22: =IF(L21="",0,INDEX('2. Escalas retributivas'!$H$28:$L$28,MATCH(L21,{"A","B","C","D","E"},0))) -> 67291.827 | M22: =IF(M21="",0,INDEX('2. Escalas retributivas'!$H$29:$L$29,MATCH(M21,{"A","B","C","D","E"},0))) -> 67291.827 | N22: =IF(N21="",0,INDEX('2. Escalas retributivas'!$H$30:$L$30,MATCH(N21,{"A","B","C","D","E"},0))) -> 67291.827 | O22: =IF(O21="",0,INDEX('2. Escalas retributivas'!$H$31:$L$31,MATCH(O21,{"A","B","C","D","E"},0))) -> 68637.642 | P22: =IF(P21="",0,INDEX('2. Escalas retributivas'!$H$32:$L$32,MATCH(P21,{"A","B","C","D","E"},0))) -> 70698.48 | Q22: =IF(Q21="",0,INDEX('2. Escalas retributivas'!$H$33:$L$33,MATCH(Q21,{"A","B","C","D","E"},0))) -> 71758.955 | R22: =SUM(B22:Q22) -> 805490.39
A23: Paloma García Romero | G23: E | H23: E | I23: E | J23: C | K23: C | L23: C | M23: C | N23: C | O23: C | P23: C | Q23: C
A24: Importe estimado | B24: =IF(B23="",0,INDEX('2. Escalas retributivas'!$H$18:$L$18,MATCH(B23,{"A","B","C","D","E"},0))) -> 0 | C24: =IF(C23="",0,INDEX('2. Escalas retributivas'!$H$19:$L$19,MATCH(C23,{"A","B","C","D","E"},0))) -> 0 | D24: =IF(D23="",0,INDEX('2. Escalas retributivas'!$H$20:$L$20,MATCH(D23,{"A","B","C","D","E"},0))) -> 0 | E24: =IF(E23="",0,INDEX('2. Escalas retributivas'!$H$21:$L$21,MATCH(E23,{"A","B","C","D","E"},0))) -> 0 | F24: =IF(F23="",0,INDEX('2. Escalas retributivas'!$H$22:$L$22,MATCH(F23,{"A","B","C","D","E"},0))) -> 0 | G24: =IF(G23="",0,INDEX('2. Escalas retributivas'!$H$23:$L$23,MATCH(G23,{"A","B","C","D","E"},0))) -> 64039.387 | H24: =IF(H23="",0,INDEX('2. Escalas retributivas'!$H$24:$L$24,MATCH(H23,{"A","B","C","D","E"},0))) -> 64679.782 | I24: =IF(I23="",0,INDEX('2. Escalas retributivas'!$H$25:$L$25,MATCH(I23,{"A","B","C","D","E"},0))) -> 65811.675 | J24: =IF(J23="",0,INDEX('2. Escalas retributivas'!$H$26:$L$26,MATCH(J23,{"A","B","C","D","E"},0))) -> 101811.39 | K24: =IF(K23="",0,INDEX('2. Escalas retributivas'!$H$27:$L$27,MATCH(K23,{"A","B","C","D","E"},0))) -> 101811.39 | L24: =IF(L23="",0,INDEX('2. Escalas retributivas'!$H$28:$L$28,MATCH(L23,{"A","B","C","D","E"},0))) -> 101811.39 | M24: =IF(M23="",0,INDEX('2. Escalas retributivas'!$H$29:$L$29,MATCH(M23,{"A","B","C","D","E"},0))) -> 101811.39 | N24: =IF(N23="",0,INDEX('2. Escalas retributivas'!$H$30:$L$30,MATCH(N23,{"A","B","C","D","E"},0))) -> 101811.39 | O24: =IF(O23="",0,INDEX('2. Escalas retributivas'!$H$31:$L$31,MATCH(O23,{"A","B","C","D","E"},0))) -> 103847.59 | P24: =IF(P23="",0,INDEX('2. Escalas retributivas'!$H$32:$L$32,MATCH(P23,{"A","B","C","D","E"},0))) -> 106965.6 | Q24: =IF(Q23="",0,INDEX('2. Escalas retributivas'!$H$33:$L$33,MATCH(Q23,{"A","B","C","D","E"},0))) -> 108570.08 | R24: =SUM(B24:Q24) -> 1022971.1
A25: Francisco de Borja Fanjul Fernández-Pita | F25: E | G25: E | J25: B | K25: B | L25: B | M25: B | N25: B | O25: B | P25: B | Q25: B
A26: Importe estimado | B26: =IF(B25="",0,INDEX('2. Escalas retributivas'!$H$18:$L$18,MATCH(B25,{"A","B","C","D","E"},0))) -> 0 | C26: =IF(C25="",0,INDEX('2. Escalas retributivas'!$H$19:$L$19,MATCH(C25,{"A","B","C","D","E"},0))) -> 0 | D26: =IF(D25="",0,INDEX('2. Escalas retributivas'!$H$20:$L$20,MATCH(D25,{"A","B","C","D","E"},0))) -> 0 | E26: =IF(E25="",0,INDEX('2. Escalas retributivas'!$H$21:$L$21,MATCH(E25,{"A","B","C","D","E"},0))) -> 0 | F26: =IF(F25="",0,INDEX('2. Escalas retributivas'!$H$22:$L$22,MATCH(F25,{"A","B","C","D","E"},0))) -> 63405.335 | G26: =IF(G25="",0,INDEX('2. Escalas retributivas'!$H$23:$L$23,MATCH(G25,{"A","B","C","D","E"},0))) -> 64039.387 | H26: =IF(H25="",0,INDEX('2. Escalas retributivas'!$H$24:$L$24,MATCH(H25,{"A","B","C","D","E"},0))) -> 0 | I26: =IF(I25="",0,INDEX('2. Escalas retributivas'!$H$25:$L$25,MATCH(I25,{"A","B","C","D","E"},0))) -> 0 | J26: =IF(J25="",0,INDEX('2. Escalas retributivas'!$H$26:$L$26,MATCH(J25,{"A","B","C","D","E"},0))) -> 106238.81 | K26: =IF(K25="",0,INDEX('2. Escalas retributivas'!$H$27:$L$27,MATCH(K25,{"A","B","C","D","E"},0))) -> 106238.81 | L26: =IF(L25="",0,INDEX('2. Escalas retributivas'!$H$28:$L$28,MATCH(L25,{"A","B","C","D","E"},0))) -> 106238.81 | M26: =IF(M25="",0,INDEX('2. Escalas retributivas'!$H$29:$L$29,MATCH(M25,{"A","B","C","D","E"},0))) -> 106238.81 | N26: =IF(N25="",0,INDEX('2. Escalas retributivas'!$H$30:$L$30,MATCH(N25,{"A","B","C","D","E"},0))) -> 106238.81 | O26: =IF(O25="",0,INDEX('2. Escalas retributivas'!$H$31:$L$31,MATCH(O25,{"A","B","C","D","E"},0))) -> 108363.55 | P26: =IF(P25="",0,INDEX('2. Escalas retributivas'!$H$32:$L$32,MATCH(P25,{"A","B","C","D","E"},0))) -> 111617.16 | Q26: =IF(Q25="",0,INDEX('2. Escalas retributivas'!$H$33:$L$33,MATCH(Q25,{"A","B","C","D","E"},0))) -> 113291.41 | R26: =SUM(B26:Q26) -> 991910.92
A27: Francisco de Borja Carabante Muntada | F27: E | G27: E | J27: C | K27: C | L27: C | M27: C | N27: C | O27: C | P27: C | Q27: C
A28: Importe estimado | B28: =IF(B27="",0,INDEX('2. Escalas retributivas'!$H$18:$L$18,MATCH(B27,{"A","B","C","D","E"},0))) -> 0 | C28: =IF(C27="",0,INDEX('2. Escalas retributivas'!$H$19:$L$19,MATCH(C27,{"A","B","C","D","E"},0))) -> 0 | D28: =IF(D27="",0,INDEX('2. Escalas retributivas'!$H$20:$L$20,MATCH(D27,{"A","B","C","D","E"},0))) -> 0 | E28: =IF(E27="",0,INDEX('2. Escalas retributivas'!$H$21:$L$21,MATCH(E27,{"A","B","C","D","E"},0))) -> 0 | F28: =IF(F27="",0,INDEX('2. Escalas retributivas'!$H$22:$L$22,MATCH(F27,{"A","B","C","D","E"},0))) -> 63405.335 | G28: =IF(G27="",0,INDEX('2. Escalas retributivas'!$H$23:$L$23,MATCH(G27,{"A","B","C","D","E"},0))) -> 64039.387 | H28: =IF(H27="",0,INDEX('2. Escalas retributivas'!$H$24:$L$24,MATCH(H27,{"A","B","C","D","E"},0))) -> 0 | I28: =IF(I27="",0,INDEX('2. Escalas retributivas'!$H$25:$L$25,MATCH(I27,{"A","B","C","D","E"},0))) -> 0 | J28: =IF(J27="",0,INDEX('2. Escalas retributivas'!$H$26:$L$26,MATCH(J27,{"A","B","C","D","E"},0))) -> 101811.39 | K28: =IF(K27="",0,INDEX('2. Escalas retributivas'!$H$27:$L$27,MATCH(K27,{"A","B","C","D","E"},0))) -> 101811.39 | L28: =IF(L27="",0,INDEX('2. Escalas retributivas'!$H$28:$L$28,MATCH(L27,{"A","B","C","D","E"},0))) -> 101811.39 | M28: =IF(M27="",0,INDEX('2. Escalas retributivas'!$H$29:$L$29,MATCH(M27,{"A","B","C","D","E"},0))) -> 101811.39 | N28: =IF(N27="",0,INDEX('2. Escalas retributivas'!$H$30:$L$30,MATCH(N27,{"A","B","C","D","E"},0))) -> 101811.39 | O28: =IF(O27="",0,INDEX('2. Escalas retributivas'!$H$31:$L$31,MATCH(O27,{"A","B","C","D","E"},0))) -> 103847.59 | P28: =IF(P27="",0,INDEX('2. Escalas retributivas'!$H$32:$L$32,MATCH(P27,{"A","B","C","D","E"},0))) -> 106965.6 | Q28: =IF(Q27="",0,INDEX('2. Escalas retributivas'!$H$33:$L$33,MATCH(Q27,{"A","B","C","D","E"},0))) -> 108570.08 | R28: =SUM(B28:Q28) -> 955884.95
A29: Engracia Hidalgo Tena | J29: C | K29: C | L29: C | M29: C | N29: C | O29: C | P29: C | Q29: C
A30: Importe estimado | B30: =IF(B29="",0,INDEX('2. Escalas retributivas'!$H$18:$L$18,MATCH(B29,{"A","B","C","D","E"},0))) -> 0 | C30: =IF(C29="",0,INDEX('2. Escalas retributivas'!$H$19:$L$19,MATCH(C29,{"A","B","C","D","E"},0))) -> 0 | D30: =IF(D29="",0,INDEX('2. Escalas retributivas'!$H$20:$L$20,MATCH(D29,{"A","B","C","D","E"},0))) -> 0 | E30: =IF(E29="",0,INDEX('2. Escalas retributivas'!$H$21:$L$21,MATCH(E29,{"A","B","C","D","E"},0))) -> 0 | F30: =IF(F29="",0,INDEX('2. Escalas retributivas'!$H$22:$L$22,MATCH(F29,{"A","B","C","D","E"},0))) -> 0 | G30: =IF(G29="",0,INDEX('2. Escalas retributivas'!$H$23:$L$23,MATCH(G29,{"A","B","C","D","E"},0))) -> 0 | H30: =IF(H29="",0,INDEX('2. Escalas retributivas'!$H$24:$L$24,MATCH(H29,{"A","B","C","D","E"},0))) -> 0 | I30: =IF(I29="",0,INDEX('2. Escalas retributivas'!$H$25:$L$25,MATCH(I29,{"A","B","C","D","E"},0))) -> 0 | J30: =IF(J29="",0,INDEX('2. Escalas retributivas'!$H$26:$L$26,MATCH(J29,{"A","B","C","D","E"},0))) -> 101811.39 | K30: =IF(K29="",0,INDEX('2. Escalas retributivas'!$H$27:$L$27,MATCH(K29,{"A","B","C","D","E"},0))) -> 101811.39 | L30: =IF(L29="",0,INDEX('2. Escalas retributivas'!$H$28:$L$28,MATCH(L29,{"A","B","C","D","E"},0))) -> 101811.39 | M30: =IF(M29="",0,INDEX('2. Escalas retributivas'!$H$29:$L$29,MATCH(M29,{"A","B","C","D","E"},0))) -> 101811.39 | N30: =IF(N29="",0,INDEX('2. Escalas retributivas'!$H$30:$L$30,MATCH(N29,{"A","B","C","D","E"},0))) -> 101811.39 | O30: =IF(O29="",0,INDEX('2. Escalas retributivas'!$H$31:$L$31,MATCH(O29,{"A","B","C","D","E"},0))) -> 103847.59 | P30: =IF(P29="",0,INDEX('2. Escalas retributivas'!$H$32:$L$32,MATCH(P29,{"A","B","C","D","E"},0))) -> 106965.6 | Q30: =IF(Q29="",0,INDEX('2. Escalas retributivas'!$H$33:$L$33,MATCH(Q29,{"A","B","C","D","E"},0))) -> 108570.08 | R30: =SUM(B30:Q30) -> 828440.23
A32: Códigos de cargo: A Alcalde · B Presidente del Pleno o primer teniente de alcalde · C Delegado de Área de Gobierno o portavoz de grupo · D Concejal-presidente de distrito o delegado de Área Delegada · E Concejal sin responsabilidad de gestión pública. El modelo no descuenta los regímenes de dedicación parcial (Murgui al 75%, entre otros), que reducen el importe realmente percibido, ni suma los trienios de antigüedad como funcionario ni las dietas por asistencia a consejos de empresas municipales y organismos, que lo aumentan.

Sheet 5. Eventuales grupos
A1: Personal eventual de los grupos políticos municipales
A2: Fuente: Relación de Puestos de Trabajo del Ayuntamiento de Madrid, unidad 35 Grupos Políticos Municipales, cerrada a 31 de marzo de 2026. Las retribuciones de personal eventual que figuran en la RPT son el importe total bruto anual del puesto. No incluye el personal funcionario adscrito a las unidades administrativas de cada grupo, cuya cifra en RPT es solo complemento específico.
A6: Nº | B6: Grupo municipal | C6: Denominación del puesto | D6: Retribución bruta anual | E6: Nombre y apellidos
A7: 1 | B7: Partido Popular | C7: Vocal asesor/a | D7: 88196.08 | E7: Loreto Sordo Ruiz
A8: 2 | B8: Partido Popular | C8: Vocal asesor/a | D8: 88196.08 | E8: Isabel Rosell Volart
A9: 3 | B9: Partido Popular | C9: Vocal asesor/a | D9: 88196.08 | E9: Beatriz María Elorriaga Pisarik
A10: 4 | B10: Partido Popular | C10: Vocal asesor/a | D10: 88196.08 | E10: Percival Peter Manglano Albacar
A11: 5 | B11: Partido Popular | C11: Vocal asesor/a | D11: 88196.08 | E11: Ana del Carmen Embid Segura
A12: 6 | B12: Partido Popular | C12: Vocal asesor/a | D12: 88196.08 | E12: Vacante
A13: 7 | B13: Partido Popular | C13: Asesor/a N28 | D13: 65709 | E13: Miguel Ángel Regodón Alegre
A14: 8 | B14: Partido Popular | C14: Asesor/a N28 | D14: 65709 | E14: Gustavo Villanueva Rodríguez
A15: 9 | B15: Partido Popular | C15: Asesor/a N28 | D15: 65709 | E15: Víctor Ruiz de Almirón López
A16: 10 | B16: Partido Popular | C16: Asesor/a N28 | D16: 65709 | E16: Jesús Henares Valverde
A17: 11 | B17: Partido Popular | C17: Asesor/a N28 | D17: 65709 | E17: María del Carmen Hernández Herráez
A18: 12 | B18: Partido Popular | C18: Asesor/a N28 | D18: 65709 | E18: Sofía Fernández Vázquez
... A97: 91 | B97: VOX | C97: Jefe/a de secretaría | D97: 42669.26 | E97: Cristian Isaac Toro Carballo
C98: TOTAL 91 puestos | D98: =SUM(D7:D97) -> 5642140.5
A100: Resumen por grupo
B101: Grupo municipal | C101: Puestos eventuales | D101: Coste anual | E101: Concejales / eventuales por concejal
B102: Partido Popular | C102: 41 | D102: 2717979 | E102: 29 concejales · 1.41 eventuales por concejal
B103: Más Madrid | C103: 21 | D103: 1287303.6 | E103: 12 concejales · 1.75 eventuales por concejal
B104: PSOE | C104: 20 | D104: 1123031.4 | E104: 11 concejales · 1.82 eventuales por concejal
B105: VOX | C105: 9 | D105: 513826.44 | E105: 5 concejales · 1.80 eventuales por concejal
B106: TOTAL | C106: 91 | D106: 5642140.5 | E106: 57 concejales · 1.60 eventuales por concejal
A108: Advertencia: el ratio del Partido Popular es engañosamente bajo porque el grupo que sostiene al gobierno dispone además de todo el personal eventual adscrito a la Alcaldía, las Áreas de Gobierno y las Juntas Municipales de Distrito, que no figura en esta unidad de la RPT. El puesto 30267668 aparece con dos ocupantes en el fichero oficial, probablemente por un relevo. Silvia Saavedra Moreno, asesora del PP, no es la exconcejala de Ciudadanos Silvia Elena Saavedra Ibarrondo, que figura como Directora General en la hoja 6.

Sheet 6. Personal directivo
A1: Órganos directivos del Ayuntamiento de Madrid y sus organismos autónomos
A2: Fuente: «Número de puestos y retribuciones de los órganos directivos», Dirección General de Costes y Gestión de Personal, actualizado a 30 de septiembre de 2025. Retribuciones brutas anuales de 2025, sin antigüedad ni costes sociales. No incluye Interventor General, Secretario General del Pleno ni Director de la Oficina del Secretario de la Junta de Gobierno, que figuran como personal funcionario.
A6: Unidad organizativa | B6: Retribución unitaria | C6: Nº de puestos | D6: Coste anual | E6: Detalle
A7: Coordinación General de la Alcaldía | B7: 106939.92 | C7: 2 | D7: =B7*C7 -> 213879.84 | E7: Coordinador/a General de la Alcaldía y Letrado/a General de la Asesoría Jurídica
A8: Coordinación General de la Alcaldía | B8: 102078.36 | C8: 6 | D8: =B8*C8 -> 612470.16 | E8: Directores generales y Secretaría General Técnica
A9: A.G. de Vicealcaldía, Portavoz, Seguridad y Emergencias | B9: 106939.92 | C9: 2 | D9: =B9*C9 -> 213879.84 | E9: Coordinaciones generales
A10: A.G. de Vicealcaldía, Portavoz, Seguridad y Emergencias | B10: 102078.36 | C10: 10 | D10: =B10*C10 -> 1020783.6 | E10: Directores generales y Secretaría General Técnica
A11: A.G. de Urbanismo, Medio Ambiente y Movilidad | B11: 106939.92 | C11: 2 | D11: =B11*C11 -> 213879.84 | E11: Coordinaciones generales
A12: A.G. de Urbanismo, Medio Ambiente y Movilidad | B12: 102078.36 | C12: 13 | D12: =B12*C12 -> 1327018.7 | E12: Directores generales y Secretaría General Técnica (una vacante)
A13: A.G. de Cultura, Turismo y Deporte | B13: 106939.92 | C13: 1 | D13: =B13*C13 -> 106939.92 | E13: Coordinación General de Cultura
A14: A.G. de Cultura, Turismo y Deporte | B14: 102078.36 | C14: 5 | D14: =B14*C14 -> 510391.8 | E14: Directores generales y Secretaría General Técnica
A15: A.G. de Economía, Innovación y Hacienda | B15: 106939.92 | C15: 3 | D15: =B15*C15 -> 320819.76 | E15: Coordinaciones generales
A16: A.G. de Economía, Innovación y Hacienda | B16: 102078.36 | C16: 12 | D16: =B16*C16 -> 1224940.3 | E16: Directores generales y Secretaría General Técnica
A17: A.G. de Obras y Equipamientos | B17: 106939.92 | C17: 1 | D17: =B17*C17 -> 106939.92 | E17: Coordinación General de Patrimonio, Obras y Equipamientos
A18: A.G. de Obras y Equipamientos | B18: 102078.36 | C18: 5 | D18: =B18*C18 -> 510391.8 | E18: Directores generales y Secretaría General Técnica
... A27: Organismos autónomos | B27: 102078.36 | C27: 5 | D27: =B27*C27 -> 510391.8 | E27: Gerencias de Agencia de Actividades, Agencia para el Empleo, Agencia Tributaria, Madrid Salud e IAM
A28: TOTAL | C28: =SUM(C7:C27) -> 105 | D28: =SUM(D7:D27) -> 10786290
A30: Excargos electos con puesto directivo (relevante para el compromiso de puertas giratorias)
A31: Silvia Elena Saavedra Ibarrondo | B31: 102078.36 | E31: Directora General de Mayores y Prevención de la Soledad no Deseada. Exconcejala de Ciudadanos
A32: José Aniorte Rueda | B32: 102078.36 | E32: Gerente de la Agencia para el Empleo. Exconcejal de Ciudadanos y delegado de área en 2019-2023

Sheet 7. Escenario reduccion 20
A1: Reducción del veinte por ciento de la retribución de los concejales y financiación de la Oficina Anticorrupción
A2: Simulación sobre la escala vigente de 2026 y la composición actual del Pleno (57 concejales). Celdas azules: datos de origen o hipótesis modificables. El resto se calcula por fórmula.
A4: Porcentaje de reducción | B4: 0.2
A5: A. Coste actual de la retribución de los concejales
A6: Código | B6: Cargo | C6: Retribución 2026 | D6: Nº de concejales | E6: Coste anual actual | F6: Retribución tras -20% | G6: Coste anual tras -20%
A7: A | B7: Alcalde | C7: ='2. Escalas retributivas'!H33 -> 115721.69 | D7: 1 | E7: =C7*D7 -> 115721.69 | F7: =C7*(1-$B$4) -> 92577.352 | G7: =F7*D7 -> 92577.352
A8: B | B8: Presidente del Pleno y primera teniente de alcalde | C8: ='2. Escalas retributivas'!I33 -> 113291.41 | D8: 2 | E8: =C8*D8 -> 226582.83 | F8: =C8*(1-$B$4) -> 90633.132 | G8: =F8*D8 -> 181266.26
A9: C | B9: Delegados de Área de Gobierno y portavoces de grupo | C9: ='2. Escalas retributivas'!J33 -> 108570.08 | D9: 9 | E9: =C9*D9 -> 977130.73 | F9: =C9*(1-$B$4) -> 86856.065 | G9: =F9*D9 -> 781704.59
A10: D | B10: Concejales-presidentes de distrito y delegados de Área Delegada | C10: ='2. Escalas retributivas'!K33 -> 106209.35 | D10: 19 | E10: =C10*D10 -> 2017977.7 | F10: =C10*(1-$B$4) -> 84967.483 | G10: =F10*D10 -> 1614382.2
A11: E | B11: Concejales sin responsabilidad de gestión pública | C11: ='2. Escalas retributivas'!L33 -> 71758.955 | D11: 26 | E11: =C11*D11 -> 1865732.8 | F11: =C11*(1-$B$4) -> 57407.164 | G11: =F11*D11 -> 1492586.3
B12: TOTAL | D12: =SUM(D7:D11) -> 57 | E12: =SUM(E7:E11) -> 5203145.8 | G12: =SUM(G7:G11) -> 4162516.7
B14: Ahorro anual | E14: =E12-G12 -> 1040629.2 | F14: Ahorro en el mandato completo (cuatro ejercicios)
E15: =E14*4 -> 4162516.7
A18: B. Coste anual de una Oficina Anticorrupción con independencia real
B19: Concepto | C19: Retribución o importe unitario | D19: Nº de puestos | E19: Coste bruto | F19: Coeficiente de coste social | G19: Coste total anual
B20: Director/a de la Oficina, con rango de órgano directivo | C20: 102078.36 | D20: 1 | E20: =C20*D20 -> 102078.36 | F20: 1.32 | G20: =E20*F20 -> 134743.44
B21: Técnicos/as A1: jurista, auditor, informático forense, analista de datos | C21: 65000 | D21: 4 | E21: =C21*D21 -> 260000 | F21: 1.32 | G21: =E21*F21 -> 343200
B22: Técnicos/as A2 e inspectores/as | C22: 48000 | D22: 3 | E22: =C22*D22 -> 144000 | F22: 1.32 | G22: =E22*F22 -> 190080
B23: Personal administrativo C1 | C23: 32000 | D23: 2 | E23: =C23*D23 -> 64000 | F23: 1.32 | G23: =E23*F23 -> 84480
B24: Gastos corrientes: sede, herramientas de auditoría e informática forense, auditorías externas, formación y defensa jurídica de denunciantes | G24: 250000
B25: COSTE TOTAL ANUAL DE LA OFICINA | G25: =SUM(G20:G24) -> 1002503.4
A28: C. Resultado
B29: Ahorro anual por la reducción del 20 % | E29: =E14 -> 1040629.2
B30: Coste anual de la Oficina Anticorrupción independiente | E30: =G25 -> 1002503.4
B31: Saldo anual disponible tras financiar la Oficina | E31: =E14-G25 -> 38125.728
B32: Grado de cobertura de la Oficina con el ahorro | E32: =E14/G25 -> 1.0380305
A35: Nota metodológica: la reducción se aplica sobre la retribución de los 57 concejales, no sobre el personal directivo ni el eventual, que se abordan en compromisos separados. Los dos concejales acogidos al régimen de asistencia a órganos colegiados perciben cantidades muy inferiores, por lo que el coste actual real es algo menor y el ahorro también: la cifra debe leerse como orden de magnitud. El coeficiente 1,32 recoge la cotización empresarial a la Seguridad Social. Todos los parámetros en azul son modificables para simular otros porcentajes de reducción o dimensiones de la Oficina.
